 Dungeon Crawl Stone Soup version 0.27-a0-550-ge92ec0ca06 (console) character file.

Game seed: 966214751976041286

1958 swinepaste the Archer (level 9, -8/54 HPs)
             Began as a Tengu Hunter on Mar 8, 2021.
             Mangled by a +2 flail of chaos (16 damage)
             ... on level 6 of the Dungeon.
             The game lasted 00:19:35 (9349 turns).

swinepaste the Archer (Tengu Hunter)                Turns: 9349, Time: 00:19:36

Health: -8/54      AC:  8    Str: 12    XL:     9   Next: 19%
Magic:  10/10      EV: 16    Int: 13    God:
Gold:   337        SH:  0    Dex: 17    Spells: 8/8 levels left

rFire    . . .     SeeInvis .   b - +0 short sword
rCold    . . .     Faith    .   (no shield)
rNeg     . . .     Spirit   .   j - +3 ring mail {Will+}
rPois    .         Reflect  .   (helmet restricted)
rElec    .         Harm     .   (no cloak)
rCorr    .         Rampage  .   (no gloves)
Will     +....                  (boots unavailable)
Stlth    +.........             (no amulet)
HPRegen  0.18/turn              (no ring)
MPRegen  0.12/turn              (no ring)

@: about to teleport, flying quickly and evasively, quick
A: beak, talons 3, able to fly
a: Stop Flying


You were on level 6 of the Dungeon.
You visited 1 branch of the dungeon, and saw 6 of its levels.

You collected 337 gold pieces.

Inventory:

Hand Weapons
 a - a +1 shortbow
 b - a +0 short sword (weapon)
Missiles
 d - 148 arrows
 k - 36 poisoned darts (quivered)
Armour
 c - a +0 leather armour
 j - a +3 ring mail of willpower (worn)
Wands
 q - a wand of flame (11)
 t - a wand of polymorph (8)
Scrolls
 e - 5 scrolls of teleportation
 g - a scroll of immolation {unknown}
 h - 10 scrolls of identify {unknown}
 l - 3 scrolls of amnesia {unknown}
 v - a scroll of blinking {unknown}
 x - a scroll of magic mapping {unknown}
Potions
 f - 5 potions of curing
 i - a potion of cancellation {unknown}
 m - 2 potions of might {unknown}
 n - 2 potions of magic {unknown}
 o - 2 potions of attraction {unknown}
 p - 3 potions of heal wounds {unknown}
 r - 3 potions of brilliance {unknown}
 s - a potion of lignification {unknown}
 u - a potion of mutation {unknown}
 w - a potion of haste {unknown}
 z - 2 potions of flight {unknown}


   Skills:
 + Level 5.2 Fighting
 - Level 10.8 Bows
 - Level 6.2 Dodging
 - Level 1.0 Stealth


You had 8 spell levels left.
You didn't know any spells.
Your spell library contained the following spells:

 Spells                   Type           Power      Damage    Failure   Level
 Apportation              Tloc           0%         N/A       56%         1
 Corona                   Hex            0%         N/A       56%         1
 Freeze                   Ice            0%         1d3       56%         1
 Magic Dart               Conj           0%         1d3       56%         1
 Sting                    Tmut/Pois      0%         1d3       56%         1
 Ensorcelled Hibernation  Hex/Ice        0%         N/A       71%         2
 Wereblood                Tmut           0%         N/A       71%         2
 Confusing Touch          Hex            0%         N/A       91%         3
 Dazzling Flash           Conj/Hex       0%         N/A       91%         3
 Tukima's Dance           Hex            0%         N/A       91%         3
 Hailstorm                Conj/Ice       0%         3d3       100%        4
 Iskenderun's Battlesphe  Conj           0%         2d6       100%        5
 Spellforged Servitor     Conj/Summ      0%         N/A       100%        7


Dungeon Overview and Level Annotations

Branches:
Dungeon (6/15)
 Temple: D:4-7

Altars:
Cheibriados
Elyvilon
Fedhas
Gozag
Hepliaklqana
Makhleb
Sif Muna
Wu Jian
Xom
Yredelemnul
The Shining One

Annotations:
D:6 Atlas's ghost, novice DsIE; Pikel


Innate Abilities, Weirdness & Mutations

You have a beak for a mouth.
You have claws for feet.
You can fly continuously.


Message History

Atlas's ghost turns its malevolent gaze towards you.
You see here a +0 short sword.
Found a quarterstaff.
Things that are here:
a +0 leather armour; a +0 club
Things that are here:
a +0 buckler; a +0 mace You see here a +0 hand axe.
Things that are here:
a +0 leather armour; a +0 club Key pressed, stopping explore.
Key pressed, stopping explore.
Could not explore, unopened runed door.
Could not explore, unopened runed door.
You reach down and open the door.
Atlas's ghost keens inconsolably.
Press: ? - help, v - describe, . - travel, g - get item
Here: Atlas's ghost, wielding a weapon of protection Item here: a shortbow.
A shimmering altar of Xom.
Unknown command.
The +2 flail of chaos hits you! The +2 flail of chaos hits you!
You are poisoned.
Okay, then.
Unknown command.
Okay, then.
As you read the scroll labelled CITOHA VAUCISEY, it crumbles to dust.
You feel strangely unstable.
It was a scroll of teleportation.
You feel sick. The +2 flail of chaos hits you.
You feel sick. The +2 flail of chaos hits you!
* * * LOW HITPOINT WARNING * * *
The +2 flail of chaos freezes you.
* * * LOW HITPOINT WARNING * * *
You feel better. The +2 flail of chaos hits you!
* * * LOW HITPOINT WARNING * * *
The +2 flail of chaos freezes you.
* * * LOW HITPOINT WARNING * * *
The +2 flail of chaos hits you!
You die...

#.# #...# #.########### ###.#
###...### #....# ....# #.>.....#
###.#.######## ....# #.#...#.#
##/#.#.#....... ....#
#.#...#.#####.π'..(....##.# .(..#
#.##......#.##.#...#...##.# ....#
#.#####.#.#.####......).... ..#.#
#.#####.#.#.###.#.##...##.#
..#.###.........Q(.W..#.##...##.#
...........####.#.##....).#.#....
..#.######......#.##.##[#..π..###
..#.# #.######.....[)###.#.#
....# #.# #.......# #...# ....#
#.# #.##.##.# #####
.##.######.### #.##.##.#
......##.....# #.#..##.#
.##.#.##.....# #.#.###.#


You could see a +2 flail of chaos and Atlas's ghost.

Vanquished Creatures
  Prince Ribbit (D:4)
  Grinder (D:3)
  Sigmund (D:2)
  Menkaure (D:5)
  A sky beast (D:5)
  An ice beast (D:6)
  An ogre (D:4)
  A centaur (D:6)
  3 lemures (D:5)
  3 scorpions (D:4)
  3 howler monkeys
  A centaur zombie (D:5)
  3 hounds
  An orc priest (D:3)
  A gnoll shaman (D:5)
  A bullfrog skeleton (D:5)
  Ijyb (D:5)
  7 worker ants
  4 orc wizards
  A hound zombie (D:5)
  7 adders
  3 gnolls
  An adder skeleton (D:4)
  4 worms
  3 dart slugs
  4 leopard geckos
  19 orcs
  4 ball pythons
  A giant cockroach (D:5)
  6 goblins
  4 hobgoblins
  12 jackals
  4 kobolds
  3 quokkas
  9 bats
  6 frilled lizards
  8 rats
135 creatures vanquished.

Notes
Turn   | Place    | Note
-------+----------+-------------------------------------------
     0 | D:1      | swinepaste the Tengu Hunter began the quest for the Orb.
     0 | D:1      | Reached XP level 1. HP: 12/12 MP: 2/2
   313 | D:1      | Reached XP level 2. HP: 16/17 MP: 3/3
   402 | D:1      | Reached skill level 5 in Bows
   942 | D:2      | Reached XP level 3. HP: 21/21 MP: 4/4
  1120 | D:2      | Found a faded altar of an unknown god.
  1135 | D:2      | Noticed Sigmund
  1335 | D:2      | Found an ornate altar of the Wu Jian Council.
  1392 | D:2      | Killed Sigmund
  1393 | D:2      | Reached skill level 7 in Bows
  1393 | D:2      | Reached XP level 4. HP: 17/26 MP: 5/5
  1393 | D:2      | Gained mutation: You can fly continuously. [Tengu growth]
  1393 | D:2      | Reached XP level 5. HP: 20/30 MP: 6/6
  2007 | D:3      | Noticed Grinder
  2397 | D:3      | Reached XP level 6. HP: 35/35 MP: 7/7
  2748 | D:3      | Killed Grinder
  2749 | D:3      | Reached skill level 8 in Bows
  2815 | D:3      | Reached skill level 9 in Bows
  2815 | D:3      | Reached XP level 7. HP: 40/40 MP: 8/8
  3199 | D:3      | Found a glowing golden altar of the Shining One.
  3773 | D:4      | Reached skill level 10 in Bows
  4188 | D:4      | Found a hazy altar of Hepliaklqana.
  4194 | D:4      | Found a basalt altar of Yredelemnul.
  4197 | D:4      | Found a white marble altar of Elyvilon.
  4256 | D:5      | Entered Level 5 of the Dungeon
  4260 | D:5      | Noticed Ijyb
  4279 | D:5      | Killed Ijyb
  4289 | D:5      | Noticed Menkaure
  4376 | D:4      | Reached XP level 8. HP: 20/44 MP: 9/9
  4620 | D:5      | Killed Menkaure
  5372 | D:5      | Noticed Prince Ribbit
  5926 | D:4      | Killed Prince Ribbit
  6372 | D:5      | Found an opulent altar of Gozag.
  6480 | D:5      | Found a snail-covered altar of Cheibriados.
  6575 | D:5      | Found a shimmering blue altar of Sif Muna.
  6602 | D:5      | Got Sif Muna's Compendium of the Voyage
  6604 | D:5      | Got Sif Muna's Incunabulum of Snow
  6736 | D:5      | Reached skill level 5 in Dodging
  7199 | D:6      | Noticed Pikel
  7942 | D:6      | Identified the Volume of Attacks and Moulding
  8015 | D:6      | Reached XP level 9. HP: 49/52 MP: 10/10
  8448 | D:6      | Reached skill level 5 in Fighting
  8766 | D:6      | Found a blossoming altar of Fedhas.
  8766 | D:6      | Found a runed translucent door.
  8766 | D:6      | Found a shimmering altar of Xom.
  8766 | D:6      | Noticed Atlas's ghost (novice DsIE)
  8766 | D:6      | Noticed a +2 flail of chaos
  8994 | D:6      | Found a burning altar of Makhleb.
  9349 | D:6      | Mangled by a +2 flail of chaos

Illustrated notes

Levels and vault maps discovered:
D:1:      saegor_arrival_simple_c, layout_loops_ring, minmay_tetromino_s4
D:2:      layout_basic, general_overflow_altar,
          chequers_ecumenical_altar_island, uniq_sigmund
D:3:      layout_loops_cross, nicolae_tso_swordbearing_angel,
          grunt_decor_junction, solitary_fountain, uniq_grinder
D:4:      layout_cave_pools, minmay_overflow_temple_star_quad,
          kennysheep_generic_room_4
D:5:      layout_basic, kennysheep_little_box, nicolae_sif_muna_little_library,
          lemuel_altar_in_water, uniq_menkaure, uniq_prince_ribbit1, uniq_ijyb
D:6:      layout_loops_cross, lemuel_crystal_altar, lightli_temple_of_fire,
          ebering_ghost_xom, minmay_misc_feat_room, hangedman_decor_growths,
          minmay_circle_x, uniq_pikel

Skill      XL: |  1  2  3  4  5  6  7  8  9 |
---------------+----------------------------+-----
Bows           | 5 7 9 10 | 10.8
Dodging        | 5 6 |  6.2
Fighting       | 4 5 |  5.2
Stealth        | |  1.0

Action                   |  1- 3 |  4- 6 |  7- 9 || total
-------------------------+-------+-------+-------++-------
Melee: Short sword       |    80 |    81 |   305 ||   466
       Kick              |    13 |    19 |    94 ||   126
       Peck              |     7 |    10 |    57 ||    74
 Fire: Shortbow          |     4 |    22 |   120 ||   146
Throw: Dart              |     7 |       |    89 ||    96
 Abil: Fly               |       |     1 |       ||     1
Evoke: Wand              |       |       |     4 ||     4
  Use: Potion            |       |       |     3 ||     3
       Scroll            |       |       |     1 ||     1
 Stab: Sleeping          |     1 |     1 |     1 ||     3
Armor: Leather armour    |    10 |       |       ||    10
       Ring mail         |    28 |    33 |   152 ||   213
Dodge: Dodged            |    57 |    76 |   255 ||   388

Table legend: (Time is in decaauts)
 A = Elapsed time spent in this place.
 B = Non-inter-level travel time spent in this place.
 C = Inter-level travel time spent in this place.
 D = Time resting spent in this place.
 E = Time spent auto-exploring this place.
 F = Levels seen in this place.
 G = Mean time per level.
                   A        B        C        D        E       F      G
               +--------+--------+--------+--------+--------+-----+--------+
         Total |   8968 |   8714 |    254 |   1321 |   5410 |   6 | 1494.7 |
       Dungeon |   8968 |   8714 |    254 |   1321 |   5410 |   6 | 1494.7 |
               +--------+--------+--------+--------+--------+-----+--------+

Top non-repeatable levels by time:
     D:4: 2316 daAuts
     D:5: 2057 daAuts
     D:2: 1470 daAuts
     D:6: 1332 daAuts
     D:3: 1060 daAuts
     D:1: 731 daAuts
